Map: Blackburn LE

Players

Asuna

  • Race: Protoss Protoss

Maplez - Winner!

  • Race: Protoss Protoss

VOD

Have the link to the VOD?

Description

Time

  • Played on: Oct. 7, 2021, 3:32 p.m.
  • Length: 18:57
Show
View Real Time Build Order
Export as new Build Order

Asuna Protoss 

Build Orders: Blink Stalkers 

Get SALT Encoding   

  12  0:00  Probe  
  13  0:12  Probe  
  14  0:19  Pylon  
  14  0:25  Probe  
  15  0:37  Probe (Chrono Boost)  
  15  0:38  Gateway  
  16  0:48  Assimilator  
  16  0:49  Probe (Chrono Boost)  
  17  0:53  Probe (Chrono Boost)  
  18  1:04  Probe  
  19  1:06  Assimilator  
  19  1:16  Probe  
  20  1:25  Cybernetics Core  
  20  1:28  Zealot, Probe  
  23  1:34  Pylon  
  23  1:52  Probe  
  24  1:58  Stalker (Chrono Boost)  
  26  2:03  Shield Battery  
  26  2:04  Warp Gate, Probe  
  27  2:16  Probe  
  28  2:25  Stalker  
  29  2:31  Probe  
  30  2:38  Pylon  
  30  2:42  Stargate  
  30  2:46  Probe  
  30  2:52  Pylon  
  30  2:56  Stalker  
  32  2:59  Twilight Council  
  32  3:08  Probe  
  32  3:10  Shield Battery  
  33  3:18  Robotics Facility  
  33  3:27  Gateway  
  33  3:29  Blink (Chrono Boost)  
  33  3:48  Probe  
  34  3:58  Nexus  
  34  4:02  Sentry  
  34  4:03  Probe  
  37  4:12  Robotics Facility  
  37  4:16  Probe  
  38  4:21  Sentry  
  40  4:28  Probe  
  41  4:32  Pylon  
  41  4:40  Probe  
  42  4:53  Probe  
  43  5:02  Observer  
  43  5:04  Stalker x2  
  48  5:09  Gateway  
  48  5:12  Gateway  
  48  5:16  Probe x2  
  50  5:24  Observer  
  51  5:28  Probe x2 (Chrono Boost)  
  53  5:37  Forge  
  53  5:40  Probe (Chrono Boost)  
  53  5:41  Probe (Chrono Boost)  
  55  5:48  Probe x2 (Chrono Boost), Pylon  
  57  5:55  Probe  
  58  5:59  Probe  
  58  6:02  Pylon  
  59  6:07  Probe  
  59  6:09  Nexus  
  60  6:12  Probe  
  60  6:18  Pylon  
  61  6:19  Stalker  
  61  6:22  Assimilator  
  61  6:23  Protoss Ground Weapons Level 1 (Chrono Boost)  
  61  6:24  Probe x2  
  65  6:36  Probe x2  
  65  6:37  Photon Cannon  
  67  6:42  Photon Cannon, Observer  
  67  6:48  Probe x2  
  67  6:49  Pylon  
  69  7:00  Probe x2  
  71  7:06  Stalker x2  
  71  7:07  Stalker  
  77  7:12  Probe, Shield Battery  
  77  7:15  Dark Shrine  
  77  7:18  Gateway  
  77  7:20  Probe  
  77  7:21  Charge (Chrono Boost)  
  78  7:26  Probe x2  
  80  7:33  Probe  
  81  7:38  Probe  
  81  7:40  Stalker x3  
  88  7:48  Probe  
  88  7:49  Stalker  
  89  7:52  Probe  
  89  7:53  Probe  
  91  8:00  Photon Cannon, Probe  
  91  8:04  Probe  
  91  8:05  Probe  
  92  8:08  Photon Cannon  
  92  8:12  Pylon  
  92  8:13  Protoss Ground Weapons Level 2 (Chrono Boost)  
  92  8:15  Gateway x2  
  92  8:24  Probe x2  
  93  8:31  Nexus  
  93  8:32  Immortal (Chrono Boost)  
  93  8:38  Pylon  
  93  8:40  Pylon  
  97  8:42  Dark Templar  
  97  8:46  Pylon  
  99  8:49  Gateway  
  99  8:52  Gateway  
  99  8:56  Probe x3  
  99  9:00  Photon Cannon  
  99  9:01  Shield Battery  
  102  9:05  Pylon  
  102  9:06  Immortal (Chrono Boost)  
  102  9:08  Probe x2  
  106  9:16  Stalker x2  
  110  9:20  Templar Archives  
  110  9:23  Probe x3  
  112  9:35  Probe  
  112  9:37  Observer (Chrono Boost)  
  114  9:45  Gateway  
  114  9:49  Warp Prism (Chrono Boost), Assimilator  
  114  9:51  Assimilator  
  116  9:55  Assimilator, Phoenix  
  116  10:06  High Templar  
  118  10:07  High Templar x3  
  118  10:08  Zealot x4  
  118  10:13  Archon  
  118  10:14  Nexus  
  132  10:15  Pylon  
  132  10:16  Archon, Pylon  
  132  10:17  Pylon  
  132  10:19  Pylon  
  132  10:24  Protoss Ground Weapons Level 3 (Chrono Boost)  
  132  10:33  Stalker x2  
  132  10:35  Stalker, Gateway, Pylon  
  138  10:38  Gateway  
  138  10:49  Photon Cannon  
  138  10:51  Photon Cannon  
  138  10:53  Shield Battery  
  138  10:54  Stalker x2  
  138  10:55  Stalker  
  144  11:00  Probe x3  
  147  11:07  Observer (Chrono Boost)  
  148  11:12  Probe x2  
  148  11:17  Photon Cannon  
  150  11:20  Probe  
  150  11:22  Gateway  
  150  11:23  Assimilator  
  150  11:24  Probe x2  
  153  11:26  Assimilator  
  153  11:30  Photon Cannon  
  151  11:45  Probe  
  152  11:47  Stargate  
  152  11:49  Stargate  
  151  11:55  Zealot x2  
  151  11:56  Dark Templar x2  
  151  11:57  Dark Templar  
  151  11:58  Protoss Air Weapons Level 1 (Chrono Boost)  
  160  12:05  Probe  
  160  12:06  Photon Cannon  
  160  12:07  Photon Cannon  
  159  12:09  Shield Battery  
  159  12:11  Probe  
  159  12:15  Photon Cannon  
  160  12:21  High Templar x4, Shield Battery  
  160  12:22  Zealot x5  
  176  12:26  Photon Cannon, Archon x2  
  178  12:38  Observer  
  178  12:39  Phoenix x2 (Chrono Boost)  
  180  12:49  Stargate  
  180  12:51  Stalker x2  
  172  12:55  Zealot x3  
  172  12:56  Dark Templar x2  
  177  13:05  Phoenix  
  177  13:06  Phoenix  
  177  13:12  Probe x4  
  139  13:25  Stalker x3  
  139  13:26  Zealot x7  
  125  13:35  Immortal (Chrono Boost)  
  125  13:39  Nexus  
  127  13:41  Pylon  
  127  13:42  Stalker x2  
  130  13:53  Stalker x2  
  130  13:54  Dark Templar  
  130  13:55  Dark Templar x3  
  137  13:59  Dark Templar  
  137  14:01  Zealot  
  137  14:02  Zealot x2  
  125  14:12  Immortal (Chrono Boost)  
  129  14:25  Robotics Facility  
  129  14:30  Archon x2  
  129  14:31  Dark Templar  
  129  14:34  Fleet Beacon  
  129  14:35  Photon Cannon  
  131  14:39  Photon Cannon  
  131  14:43  Observer (Chrono Boost), Archon  
  131  15:04  Dark Templar x2  
  131  15:05  Zealot x7  
  131  15:06  Zealot x2  
  153  15:11  Archon  
  153  15:12  Nexus  
  153  15:22  Nexus  
  153  15:25  Pylon  
  152  15:35  Photon Cannon  
  152  15:39  Carrier x2 (Chrono Boost)  
  154  15:51  Zealot x3, Dark Templar  
  154  15:55  Zealot  
  154  15:56  Zealot  
  147  16:12  Photon Cannon  
  147  16:13  Pylon  
  123  16:34  Stalker x3  
  123  16:35  Zealot, High Templar x4  
  123  16:36  High Templar  
  123  16:38  High Templar  
  123  16:39  Zealot x2, Archon  
  129  16:40  Archon  
  123  16:48  Archon  
  121  16:56  Photon Cannon  
  121  16:58  Photon Cannon  
  121  17:01  Observer (Chrono Boost), Shield Battery  
  103  17:03  Pylon  
  102  17:09  Photon Cannon  
  90  17:20  Pylon  
  90  17:23  Dark Templar x2  
  90  17:26  Dark Templar  
  90  17:27  Probe  
  90  17:28  Probe  
  96  17:31  Probe  
  92  17:40  Probe x2  
  92  17:43  Probe  
  93  17:50  Dark Templar, Archon  
  95  17:52  Probe x2  
  95  17:54  Observer (Chrono Boost)  
  95  17:55  Probe  
  98  18:03  Dark Templar  
  98  18:04  Probe  
  98  18:06  Dark Templar  
  98  18:08  Probe x2  
  98  18:10  Assimilator  
  98  18:12  Assimilator  
  96  18:14  Photon Cannon  
  96  18:16  Probe  
  97  18:22  Dark Templar  
  97  18:23  Dark Templar  
  97  18:26  Probe  
  97  18:27  Probe  
  101  18:28  Probe  
  101  18:32  Photon Cannon  
  101  18:33  Archon  
  102  18:38  Photon Cannon  
  102  18:39  Probe x3  
  102  18:40  Probe  
  106  18:53  Nexus  
Show
View Real Time Build Order
Export as new Build Order

Maplez Protoss - Winner!

Build Orders:  

Get SALT Encoding   

  12  0:00  Probe  
  13  0:12  Probe  
  14  0:18  Pylon  
  14  0:24  Probe (Chrono Boost)  
  15  0:36  Probe (Chrono Boost)  
  15  0:39  Gateway  
  16  0:45  Probe (Chrono Boost)  
  17  0:52  Assimilator  
  17  0:55  Probe  
  18  0:57  Assimilator  
  18  1:07  Probe  
  19  1:19  Probe  
  19  1:24  Zealot (Chrono Boost)  
  20  1:26  Cybernetics Core  
  20  1:32  Pylon  
  22  1:35  Probe  
  23  1:50  Probe  
  24  2:02  Probe  
  24  2:03  Adept (Chrono Boost)  
  24  2:04  Warp Gate  
  27  2:15  Probe  
  28  2:31  Stalker  
  28  2:33  Nexus  
  30  2:45  Shield Battery  
  30  2:46  Probe  
  29  2:56  Twilight Council  
  29  2:58  Probe  
  30  3:15  Stalker (Chrono Boost), Probe  
  31  3:24  Robotics Facility  
  31  3:34  Gateway  
  31  3:44  Probe  
  31  3:45  Probe  
  33  3:48  Gateway  
  33  3:51  Stalker  
  35  3:56  Probe  
  36  4:02  Dark Shrine  
  36  4:09  Gateway  
  37  4:15  Warp Prism (Chrono Boost)  
  38  4:25  Stalker  
  38  4:27  Probe  
  42  4:35  Shield Battery  
  42  4:36  Sentry  
  43  4:43  Observer (Chrono Boost), Probe, Pylon  
  45  4:47  Probe  
  46  4:56  Blink (Chrono Boost)  
  46  5:01  Probe x2  
  48  5:11  Observer  
  48  5:13  Probe x2  
  51  5:14  Dark Templar  
  53  5:26  Pylon  
  53  5:31  Probe  
  53  5:33  Observer  
  53  5:34  Probe  
  53  5:41  Nexus  
  53  5:42  Pylon  
  53  5:43  Probe  
  53  5:45  Pylon  
  53  5:46  Probe  
  55  5:53  Shadow Stride (Chrono Boost)  
  55  5:55  Probe  
  56  5:58  Probe, Pylon  
  56  6:02  Assimilator  
  57  6:05  Stalker x2  
  57  6:07  Probe  
  57  6:11  Probe  
  63  6:13  Observer  
  63  6:18  Forge  
  63  6:19  Dark Templar  
  63  6:20  Probe  
  63  6:23  Pylon  
  66  6:25  Probe  
  66  6:32  Probe, Pylon  
  68  6:37  Dark Templar  
  68  6:38  Probe  
  71  6:44  Probe, Pylon  
  72  6:49  Gateway x2  
  72  6:51  Probe  
  73  6:57  Observer  
  73  7:05  Stalker x3  
  79  7:08  Observer  
  79  7:12  Probe  
  79  7:13  Probe  
  81  7:18  Probe  
  81  7:19  Protoss Ground Weapons Level 1 (Chrono Boost)  
  81  7:21  Observer  
  82  7:25  Gateway x2  
  82  7:27  Dark Templar  
  82  7:28  Gateway  
  84  7:34  Probe  
  85  7:39  Probe, Charge  
  85  7:40  Pylon  
  84  7:54  Zealot x3  
  84  7:55  Zealot x2  
  91  8:01  Probe  
  92  8:09  Zealot  
  92  8:10  Probe  
  93  8:13  Stalker  
  93  8:14  Photon Cannon  
  93  8:15  Observer (Chrono Boost), Probe  
  97  8:24  Assimilator  
  97  8:28  Stalker  
  97  8:29  Stalker x4, Nexus  
  107  8:38  Photon Cannon  
  107  8:39  Photon Cannon  
  107  8:41  Photon Cannon  
  107  8:43  Dark Templar  
  107  8:48  Probe x2, Shield Battery  
  109  8:50  Probe, Pylon  
  112  9:02  Probe x2  
  114  9:04  Pylon  
  114  9:05  Probe  
  114  9:08  Assimilator  
  115  9:14  Probe x2  
  115  9:16  Dark Templar x2  
  121  9:17  Probe  
  122  9:26  Probe x2  
  122  9:29  Probe  
  122  9:30  Assimilator  
  125  9:32  Robotics Facility  
  125  9:34  Zealot x5  
  125  9:35  Observer  
  134  9:38  Probe  
  134  9:42  Stalker  
  134  9:43  Stalker  
  138  9:46  Protoss Ground Weapons Level 2 (Chrono Boost)  
  138  9:51  Robotics Bay  
  138  9:55  Photon Cannon  
  138  9:59  Photon Cannon  
  138  10:00  Pylon  
  138  10:10  Stalker x5  
  148  10:21  Photon Cannon  
  148  10:24  Photon Cannon  
  148  10:41  Disruptor x2 (Chrono Boost)  
  146  10:53  Stalker x4  
  146  10:54  Stalker x4  
  162  10:57  Nexus  
  162  10:58  Pylon  
  162  10:59  Gateway  
  162  11:01  Assimilator  
  162  11:02  Assimilator  
  162  11:10  Disruptor x2, Pylon  
  168  11:17  Pylon  
  168  11:24  Photon Cannon  
  168  11:30  Photon Cannon  
  166  11:34  Dark Templar x3  
  172  11:40  Zealot x3  
  172  11:41  Zealot x3  
  184  11:47  Disruptor (Chrono Boost)  
  169  12:09  Dark Templar x4  
  169  12:10  Dark Templar  
  169  12:15  Photon Cannon  
  169  12:17  Photon Cannon, Disruptor (Chrono Boost)  
  169  12:19  Photon Cannon  
  169  12:21  Photon Cannon  
  168  12:23  Shield Battery  
  166  12:32  Disruptor (Chrono Boost)  
  169  12:37  Stalker x4  
  169  12:38  Stalker  
  179  12:50  Observer  
  173  12:54  Protoss Ground Weapons Level 3 (Chrono Boost)  
  167  13:01  Gateway x2  
  167  13:02  Gateway, Zealot x2  
  167  13:03  Zealot x7  
  173  13:23  Stalker x2  
  173  13:24  Stalker x4  
  165  13:30  Warp Prism (Chrono Boost)  
  165  13:32  Probe  
  165  13:33  Probe  
  165  13:34  Probe  
  169  13:53  Disruptor (Chrono Boost)  
  162  13:56  Disruptor (Chrono Boost)  
  162  13:59  Stalker x5  
  151  14:10  Gravitic Boosters (Chrono Boost)  
  151  14:22  Observer, Zealot  
  151  14:23  Zealot x4  
  151  14:24  Zealot  
  163  14:25  Observer  
  164  14:34  Stalker x2  
  164  14:35  Stalker x2  
  172  14:43  Disruptor  
  165  14:47  Observer  
  166  14:57  Zealot  
  166  14:58  Zealot x8  
  182  15:04  Disruptor  
  181  15:18  Disruptor  
  180  15:25  Stalker x4  
  180  15:26  Stalker x4  
  190  15:33  Disruptor  
  177  15:54  Observer  
  177  15:55  Observer  
  154  16:06  Dark Templar x10  
  154  16:07  Dark Templar x2  
  154  16:08  Observer  
  154  16:09  Disruptor  
  154  16:10  Stalker  
  183  16:15  Disruptor  
  186  16:20  Assimilator  
  186  16:22  Assimilator  
  168  16:37  Stalker  
  168  16:38  Stalker x7  
  168  16:39  Stalker  
  152  16:55  Zealot  
  152  16:56  Zealot x3  
  150  17:29  Stalker x5  
  156  17:30  Stalker x8  
  156  17:44  Warp Prism (Chrono Boost)  
  156  17:47  Observer  
  154  17:54  Stargate  
  153  18:00  Stalker x4  
  153  18:01  Stalker  
  162  18:13  Nexus  
  162  18:14  Observer, Pylon  
  161  18:22  Observer  
  159  18:31  Observer  
  146  18:37  Zealot x5  
  146  18:38  Zealot x8  
Tags
 
Add a new tag
Caveats
  • Supply blocks, unpowered buildings, or Contaminate may cause inaccurate times.
  • Supply counts are checked every 10 seconds.